 Dungeon Crawl Stone Soup version 0.30-a0-29-g142975f185 (webtiles) character file.

Game seed: 7455288695225111947

452 kae the Firebug (level 6, -1/48 HPs)
             Began as a Demigod Fire Elementalist on Aug 25, 2022.
             Slain by a gnoll
             ... wielding a +0 halberd
              (7 damage)
             ... on level 4 of the Dungeon.
             The game lasted 00:03:15 (5018 turns).

kae the Firebug (Demigod Fire Elementalist)         Turns: 5018, Time: 00:03:15

Health: -1/48      AC:  2    Str:  9    XL:     6   Next: 46%
Magic:  10/13      EV: 13    Int: 31    God:
Gold:   118        SH:  0    Dex: 14    Spells: 4/10 levels left

rFire   . . .      SeeInvis .    (no weapon)
rCold   . . .      Faith    .    (no shield)
rNeg    . . .      Spirit   .    a - +0 robe
rPois   .          Reflect  .    (no helmet)
rElec   .          Harm     .    (no cloak)
rCorr   .          Rampage  .    (no gloves)
Will    .....                    (no boots)
Stlth   ++........               (no amulet)
HPRegen 0.16/turn                I - +6 ring of intelligence
MPRegen 0.13/turn                (no ring)

@: attractive
A: high MP 1, forlorn, divine attributes
a: no special abilities


You were on level 4 of the Dungeon.
You visited 1 branch of the dungeon, and saw 4 of its levels.

You collected 130 gold pieces.
You spent 12 gold pieces at shops.


Innate Abilities, Weirdness & Mutations

You have an increased reservoir of magic. (+10% MP)
You shall have no god before yourself.
Your divine heritage dramatically boosts your attributes as you level up.


   Skills:
 + Level 2.0 Fighting
 + Level 2.9 Dodging
 - Level 1.7 Stealth
 + Level 2.7 Spellcasting
 * Level 3.4 Conjurations
 * Level 4.4 Fire Magic


You had 4 spell levels left.
You knew the following spells:

 Your Spells              Type           Power      Damage    Failure   Level
a - Foxfire               Conj/Fire      100%       2x1d9     1%          1
b - Scorch                Fire           62%        2d8       1%          2
c - Conjure Flame         Conj/Fire      28%        6-21      4%          3

Your spell library contained the following spells:

 Spells                   Type           Power      Damage    Failure   Level
 Inner Flame              Hex/Fire       17%        N/A       9%          3
 Flame Wave               Conj/Fire      28%        2d9       14%         4
 Irradiate                Conj/Tmut      7%         3d14      67%         5
 Blade Hands              Tmut           2%         N/A       88%         5
 Dragon Form              Tmut           2%         N/A       100%        7

Inventory:

Missiles
 c - 29 stones
 j - 4 poisoned darts
Armour
 a - a +0 robe (worn)
Jewellery
 I - a +6 ring of intelligence (left hand)
   (You found it on level 1 of the Dungeon)
Wands
 k - a wand of quicksilver (1)
   (You found it on level 2 of the Dungeon)
Scrolls
 d - a scroll of fog
 h - a scroll of torment {!r}
 i - 2 scrolls of identify {@r1}
 l - a scroll of vulnerability {!r!r}
 m - a scroll of immolation {unknown}
Potions
 b - a potion of magic
 e - 3 potions of might
 f - a potion of degeneration {!q}
 o - a potion of haste {unknown}
 p - a potion of brilliance

Dungeon Overview and Level Annotations

Branches:
Dungeon (4/15) Zot: 18974
 Temple: D:4-7

Shops:
D:1 [ D:2

! ~~~.~~~.~~~~
~~~~~~~~~~~~
≈~≈≈≈≈≈≈≈≈≈≈ #####
≈≈≈≈≈≈≈≈≈≈≈≈
#...####################
#...#..............#....
#)..#....).........)))..
#)##....))).......#####
#)..gg@########........
#.....)# #........
#.Kg...# #........
#g##..............#####
#$K$#.......[......+
#$$K#..............#
#$$$################
#####


You could see 4 gnolls and a kobold.


Message History

The goblin moves out of view.
The goblin shouts! x2 😎 MP[+1]
Casting: Foxfire (safe; 1% risk of failure)
Confirm with . or Enter, or press ? or * to list all spells.
You conjure some foxfire!
A hobgoblin comes into view. It is wielding a +0 club.
The foxfire hits the goblin.
You kill the goblin!
The foxfire hits the goblin.
You kill the goblin!
There are monsters nearby!
Casting: Foxfire (safe; 1% risk of failure)
Confirm with . or Enter, or press ? or * to list all spells.
You conjure some foxfire!
The foxfire hits the hobgoblin!
You kill the hobgoblin!
The foxfire hits the goblin!
You kill the goblin! 😎 MP[-1]
You lost 1 mp, and now have 10/13 mp.
A goblin is nearby!
A goblin is nearby!
Casting: Foxfire (safe; 1% risk of failure)
Confirm with . or Enter, or press ? or * to list all spells.
You conjure some foxfire!
The goblin misses you.
The foxfire hits the goblin!
You kill the goblin!
The foxfire hits the hobgoblin. 😎 MP[-1]
You lost 1 mp, and now have 9/13 mp.
There are monsters nearby!
Casting: Foxfire (safe; 1% risk of failure)
Confirm with . or Enter, or press ? or * to list all spells.
You conjure some foxfire!
The hobgoblin hits you with a +0 club.
The foxfire hits the hobgoblin.
You kill the hobgoblin! 😕 HP[-4] MP[-1]
You take 4 damage, and now have 44/48 hp.
You lost 1 mp, and now have 8/13 mp.
A goblin is nearby!
Casting: Foxfire (safe; 1% risk of failure)
Confirm with . or Enter, or press ? or * to list all spells.
You conjure some foxfire!
The foxfire hits the goblin.
You kill the goblin!
You see here a +0 club.
You open the door.
A hobgoblin, 4 kobolds and 4 gnolls come into view.
The hobgoblin shouts!
The kobold shouts!
The gnoll shouts!
The kobold shouts! x2
The gnoll shouts! x3
The gnoll hits you from afar with a +0 halberd! 😕 HP[-6] MP[+3]
You take 6 damage, and now have 38/48 hp.
You regained 3 mp, and now have 11/13 mp.
Casting: Foxfire (safe; 1% risk of failure)
Confirm with . or Enter, or press ? or * to list all spells.
You conjure some foxfire!
The gnoll hits you from afar with a +0 halberd.
The foxfire hits the kobold. x2
You kill the kobold!
The gnoll misses you. The hobgoblin hits you. 😮 HP[-5] MP[-1]
You take 5 damage, and now have 33/48 hp.
You lost 1 mp, and now have 10/13 mp.
There are monsters nearby!
There are monsters nearby!
Casting: Foxfire (safe; 1% risk of failure)
Confirm with . or Enter, or press ? or * to list all spells.
You conjure some foxfire!
The hobgoblin closely misses you.
The gnoll hits you from afar with a +0 halberd!
* * * LOW HITPOINT WARNING * * *
The foxfire hits the hobgoblin. x2
You kill the hobgoblin!
The gnoll barely misses you.
There are monsters nearby!
Casting: Foxfire (safe; 1% risk of failure)
Confirm with . or Enter, or press ? or * to list all spells.
You conjure some foxfire!
The gnoll hits you but does no damage. The gnoll closely misses you.
The gnoll misses you.
The foxfire hits the gnoll. x2; The gnoll closely misses you.
The gnoll hits you from afar with a +0 halberd!
* * * LOW HITPOINT WARNING * * *
The gnoll hits you with a +0 whip.
* * * LOW HITPOINT WARNING * * *
😱 HP[-28] MP[-1]
You take 28 damage, and now have 5/48 hp.
MASSIVE DAMAGE!! (PAUSE)
You lost 1 mp, and now have 9/13 mp.
Okay, then.
The gnoll closely misses you. The gnoll misses you. 😱 HP[+1]
The gnoll attacks as you move away!
The gnoll closely misses you. 😱 MP[+1] It was a potion of attraction.
You feel attractive to monsters. The gnoll barely misses you.
The gnoll hits you from afar with a +0 halberd!
You die...

Skill      XL: |  1  2  3  4  5  6 |
---------------+-------------------+-----
Conjurations   | 1 2 3 |  3.4
Fire Magic     | 3 4 |  4.4
Spellcasting   | 2 |  2.7
Dodging        | 2 |  2.9
Fighting       | 1 2 |  2.0
Stealth        | |  1.7

Action                   |  1- 3 |  4- 6 || total
-------------------------+-------+-------++-------
Melee: Unarmed           |     2 |       ||     2
 Cast: Foxfire           |    68 |    88 ||   156
       Scorch            |    12 |     5 ||    17
       Conjure Flame     |       |     3 ||     3
Evoke: Wand              |     4 |       ||     4
  Use: Scroll            |     8 |     1 ||     9
       Potion            |     1 |     2 ||     3
Armor: Robe              |     9 |     6 ||    15
Dodge: Dodged            |    34 |    52 ||    86

Levels and vault maps discovered:
D:1:      dpeg_arrival_pond, layout_basic, serial_shops,
          nicolae_shop_waterfront, chequers_ecumenical_altar_island,
          nicolae_figureground_sparkle
D:2:      layout_rooms, serial_shops, nicolae_diamond_shop, st_stairs_1
D:3:      layout_loops_corners, minitemple, nicolae_eternal_life, uniq_sigmund
D:4:      minmay_goblin_kobold_castle, layout_cave_pools

Notes
Turn   | Place    | Note
-------+----------+-------------------------------------------
     0 | D:1      | kae the Demigod Fire Elementalist began the quest for the
                  | Orb.
     0 | D:1      | Reached XP level 1. HP: 14/14 MP: 5/5
     0 | D:1      | magus.rc [v1.11.3]
   234 | D:1      | Found Haake's Armour Shop.
   259 | D:1      | Reached skill level 1 in Conjurations
   336 | D:1      | You fall into a shaft and drop 1 floor!
   379 | D:2      | Found Oqubyzal's Distillery.
   411 | D:2      | Bought a potion of degeneration for 12 gold pieces
   570 | D:1      | Reached XP level 2. HP: 17/20 MP: 5/7
   660 | D:2      | Learned a level 2 spell: Scorch
   817 | D:2      | Reached skill level 3 in Fire Magic
   869 | D:2      | You pick up a book of Transfigurations and begin reading...
   869 | D:2      | You add the spells Irradiate, Blade Hands and Dragon Form
                  | to your library.
  1109 | D:2      | Reached skill level 2 in Spellcasting
  1596 | D:3      | Reached skill level 2 in Dodging
  1743 | D:3      | Reached XP level 3. HP: 20/27 MP: 3/8
  1864 | D:3      | Learned a level 3 spell: Conjure Flame
  1959 | D:3      | Noticed Sigmund
  2532 | D:3      | HP: 6/27 [Sigmund/puff of flame (8)]
  2537 | D:3      | Killed Sigmund
  2538 | D:3      | Reached skill level 1 in Fighting
  2538 | D:3      | Reached skill level 2 in Conjurations
  2538 | D:3      | Reached XP level 4. HP: 5/35 MP: 2/10
  2538 | D:3      | Reached XP level 5. HP: 6/40 MP: 2/11
  3017 | D:4      | Noticed an ogre
  3244 | D:4      | Reached skill level 3 in Conjurations
  3244 | D:4      | Reached skill level 4 in Fire Magic
  3403 | D:3      | Killed an ogre
  3404 | D:3      | Reached XP level 6. HP: 48/48 MP: 3/12
  4575 | D:4      | Reached skill level 2 in Fighting
  5012 | D:4      | HP: 11/48 [gnoll/+0 halberd (10)]
  5012 | D:4      | HP: 5/48 [gnoll/+0 whip (6)]
  5018 | D:4      | Slain by a gnoll

Vanquished Creatures
  Sigmund (D:3)
  An ogre (D:3)
  An iguana (D:4)
  2 adders
  5 gnolls (D:4)
  A worm (D:2)
  2 orcs (D:4)
  3 ball pythons
  7 endoplasms
  3 giant cockroaches
  28 goblins
  19 hobgoblins
  13 jackals
  2 kobolds
  2 quokkas (D:1)
  3 bats
  2 frilled lizards
  2 rats
97 creatures vanquished.

Vanquished Creatures (others)
  261 foxfires
261 creatures vanquished.

Grand Total: 358 creatures vanquished

Table legend:
 A = Non-vault XP
 B = Vault XP
 C = Vault XP percentage of total XP
 D = Non-vault monster count
 E = Vault monster count
 F = Vault count percentage of total count
                 A         B        C        D         E       F
            +---------+---------+-------+---------+---------+-------
      Total |     261 |     386 |  59.7 |      49 |      48 |  49.5
            +---------+---------+-------+---------+---------+-------
        D:1 |      10 |       0 |   0.0 |       6 |       0 |   0.0
        D:2 |      33 |       0 |   0.0 |      17 |       0 |   0.0
        D:3 |     143 |     239 |  62.6 |      12 |       1 |   7.7
        D:4 |      75 |     147 |  66.2 |      14 |      47 |  77.0
            +---------+---------+-------+---------+---------+-------

Illustrated notes

Table legend:
 A = Kills in this place as a percentage of kills in entire the game.
 B = Kills by you in this place as a percentage of kills by you in the entire game.
 C = Kills by friends in this place as a percentage of kills by friends in the entire game.
 D = Other kills in this place as a percentage of other kills in the entire game.
 E = Experience gained in this place as a percentage of experience gained in the entire game.
 F = Experience gained in this place divided by the number of levels of this place that you have seen.
                   A       B       C       D       E      F
               +-------+-------+-------+-------+-------+----------------------
         Total | 100.0 | 100.0 |   N/A |   N/A | 100.0 | 161.8
       Dungeon | 100.0 | 100.0 |   N/A |   N/A | 100.0 | 161.8
               +-------+-------+-------+-------+-------+----------------------

Table legend: (Time is in decaauts)
 A = Elapsed time spent in this place.
 B = Non-inter-level travel time spent in this place.
 C = Inter-level travel time spent in this place.
 D = Time resting spent in this place.
 E = Time spent auto-exploring this place.
 F = Levels seen in this place.
 G = Mean time per level.
                   A        B        C        D        E       F      G
               +--------+--------+--------+--------+--------+-----+--------+
         Total |   5024 |   4837 |    187 |      0 |   4176 |   4 | 1256.0 |
       Dungeon |   5024 |   4837 |    187 |      0 |   4176 |   4 | 1256.0 |
               +--------+--------+--------+--------+--------+-----+--------+

Top non-repeatable levels by time:
     D:3: 2364 daAuts
     D:4: 1093 daAuts
     D:2: 954 daAuts
     D:1: 612 daAuts
